 Dungeon Crawl Stone Soup version 0.28.0-43-g3370ac3207 (webtiles) character file.

Game seed: 12893332292000704937

56 choreboyy the Skirmisher (level 3, -2/28 HPs)
             Began as a Demonspawn Gladiator on Mar 14, 2022.
             Killed from afar by Natasha (7 damage)
             ... with a magic dart
             ... on level 2 of the Dungeon.
             The game lasted 00:05:02 (1859 turns).

choreboyy the Skirmisher (Demonspawn Gladiator)     Turns: 1859, Time: 00:05:02

Health: -2/28      AC:  6    Str: 16    XL:     3   Next: 69%
Magic:  3/3        EV: 12    Int:  9    God:
Gold:   74         SH:  0    Dex: 14    Spells: 2/2 levels left

rFire   . . .      SeeInvis .   g - +1 dagger (protect)
rCold   . . .      Faith    .   (no shield)
rNeg    . . .      Spirit   .   b - +0 leather armour
rPois   .          Reflect  .   c - +0 helmet
rElec   .          Harm     .   (no cloak)
rCorr   .          Rampage  .   (no gloves)
Will    .....                   j - +1 pair of boots
Stlth   +.........              (no amulet)
HPRegen 0.09/turn               (no ring)
MPRegen 0.16/turn               (no ring)

@: slowed, very slow
A: magic regeneration
a: no special abilities


You were on level 2 of the Dungeon.
You visited 1 branch of the dungeon, and saw 2 of its levels.

You collected 74 gold pieces.

Inventory:

Hand Weapons
 a - a +0 long sword
 g - a +1 dagger of protection (weapon)
Missiles
 d - 3 throwing nets (quivered)
Armour
 b - a +0 leather armour (worn)
 c - a +0 helmet (worn)
 j - a +1 pair of boots (worn)
Jewellery
 h - a ring of willpower
 i - a ring of see invisible
 k - an amulet of regeneration
Scrolls
 e - 2 scrolls of noise {unknown}
 m - a scroll of acquirement {unknown}
 n - a scroll of immolation {unknown}
 o - a scroll of enchant armour {unknown}
Potions
 f - a potion of flight {unknown}
 l - a potion of berserk rage {unknown}


   Skills:
 * Level 2.9 Fighting
 - Level 2.6 Long Blades
 - Level 1.7 Throwing
 * Level 2.2 Armour
 - Level 2.6 Dodging
 + Level 0.4 Stealth


You had 2 spell levels left.
You didn't know any spells.
Your spell library was empty.

Dungeon Overview and Level Annotations

Branches:
Dungeon (2/15)

Altars:

Annotations:
D:2 Natasha


Innate Abilities, Weirdness & Mutations

You regenerate magic rapidly.


Message History

You closely miss Natasha. Your punch misses Natasha.
Natasha is severely wounded.
The white imp disappears in a puff of smoke!
Natasha stares at you and mumbles some strange words.
You resist with significant effort.
You hit Natasha but do no damage.
Natasha is severely wounded.
The crimson imp hits you but does no damage.
Natasha claws you but does no damage. The crimson imp closely misses you.
You hit Natasha but do no damage.
Natasha is severely wounded.
Natasha casts a spell at you.
The magic dart hits you but does no damage.
The crimson imp closely misses you. Natasha closely misses you.
You closely miss Natasha.
Natasha is severely wounded.
The crimson imp barely misses you. Natasha claws you but does no damage.
The crimson imp grinds its teeth.
The crimson imp barely misses you.
You barely miss Natasha.
Natasha is severely wounded.
Natasha claws you but does no damage. The crimson imp closely misses you.
Natasha misses you.
You hit Natasha.
You kill Natasha!
Natasha yowls pathetically as she dies!
The crimson imp disappears in a puff of smoke!
The goblin hits you but does no damage.
Your Armour skill increases to level 2!
You hit the goblin.
You kill the goblin!
You start resting.
Natasha, Servant of Life and Death comes into view.
Natasha mumbles some strange words.
Natasha stares at you and mumbles some strange words.
The magic dart hits you.
* * * LOW HITPOINT WARNING * * *
Natasha casts a spell at you. The magic dart hits you!
You die...

... .............
....####.########...
###..<#.... ...#... #
.....#.#.### #.##...
.##....#.#...###.#####
.....................
.####....#...#...#.#####
.........#...###(#.#
#.#######@##.#####.#.#
........).......h.....
.#####.#.########.#.#
#.#.# ..#.# #.#.# ###.#
#.#+# #.# #h. #g.. #....


You could see Natasha.

Vanquished Creatures
  Natasha (D:2)
  A dart slug (D:2)
  A worm (D:2)
  2 endoplasms (D:1)
  4 goblins
  2 hobgoblins (D:1)
  2 quokkas
  3 ball pythons (D:1)
  5 bats (D:1)
  3 frilled lizards (D:1)
  2 kobolds (D:1)
  2 rats (D:1)
28 creatures vanquished.

Notes
Turn   | Place    | Note
-------+----------+-------------------------------------------
     0 | D:1      | choreboyy the Demonspawn Gladiator began the quest for the
                  | Orb.
     0 | D:1      | Reached XP level 1. HP: 16/16 MP: 1/1
   231 | D:1      | Reached skill level 1 in Armour
   498 | D:1      | Gained mutation: You regenerate magic rapidly. [demonic
                  | ancestry]
   498 | D:1      | Reached XP level 2. HP: 12/22 MP: 2/2
  1756 | D:2      | Reached XP level 3. HP: 23/28 MP: 3/3
  1824 | D:2      | Noticed Natasha
  1855 | D:2      | Killed Natasha
  1857 | D:2      | Noticed Natasha
  1859 | D:2      | Killed from afar by Natasha

Illustrated notes

Levels and vault maps discovered:
D:1:      dpeg_arrival_concentric_ovals, layout_basic, minmay_misc_feat_chi,
          chequers_avenue
D:2:      layout_basic, hellmonk_ecumenical_altar_pennies_from_heaven,
          uniq_natasha

Skill      XL: |  1  2  3 |
---------------+----------+-----
Armour         | 1 2 |  2.2
Fighting       | |  2.9
Long Blades    | |  2.6
Throwing       | |  1.7
Dodging        | |  2.6
Stealth        | |  0.4

Action                   || total
-------------------------++-------
Melee: Long sword        ||    31
       Punch             ||     1
       Dagger            ||    71
 Stab: Sleeping          ||     1
Armor: Leather armour    ||    44
Dodge: Dodged            ||    71
